 Dungeon Crawl Stone Soup version 0.31-a0-198-g2ad674f65e (webtiles) character file.

Game seed: 1390647891513455913

73 qw the Shooter (level 4, -3/25 HPs)
             Began as a Deep Elf Hunter on June 25, 2023.
             Slain by a gnoll
             ... wielding a +0 halberd
              (13 damage)
             ... on level 3 of the Dungeon.
             The game lasted 00:00:36 (1368 turns).

qw the Shooter (Deep Elf Hunter)                    Turns: 1368, Time: 00:00:37

Health: -3/25      AC:  6    Str: 10    XL:     4   Next: 8%
Magic:  6/6        EV: 11    Int: 14    God:
Gold:   130        SH:  0    Dex: 18    Spells: 3/3 levels left

rFire   . . .        Y - +1 shortbow
rCold   . . .        (shield currently unavailable)
rNeg    . . .        f - +0 ring mail
rPois   .            (no helmet)
rElec   .            d - +0 cloak
rCorr   .            (no gloves)
SInv    .            (no boots)
Will    .....        (no amulet)
Stlth   +            (no ring)
HPRegen 0.24/turn    (no ring)
MPRegen 0.10/turn

%: no passive effects
@: no status effects
A: no striking features
a: no special abilities


You were on level 3 of the Dungeon.
You visited 1 branch of the dungeon, and saw 3 of its levels.

You collected 130 gold pieces.


   Skills:
 - Level 1.5 Fighting
 + Level 7.5 Ranged Weapons
 - Level 2.4 Dodging
 - Level 1.2 Stealth


You had 3 spell levels left.
You didn't know any spells.
Your spell library was empty.

Inventory:

Hand Weapons
 Y - a +1 shortbow (weapon)
Armour
 d - a +0 cloak (worn)
 f - a +0 ring mail (worn)
Scrolls
 b - 2 scrolls of identify
Potions
 e - a potion of degeneration {unknown}
 h - a potion of brilliance {unknown}
 i - a potion of haste {unknown}
 k - a potion of heal wounds

Dungeon Overview and Level Annotations

Branches:
Dungeon (3/15)

Altars:


Message History

Things that are here:
a +0 falchion; 6 stones; a kobold corpse
b - 2 scrolls of identify (gained 1)
A gnoll comes into view. It is wielding a +0 halberd.
Found a scale mail and 9 stones.
The gnoll shouts!
You hear a shout!
A gnoll comes into view. It is wielding a +0 spear. x2
You shoot an arrow. The gnoll shouts!
The arrow hits the gnoll.
The gnoll is moderately wounded.
1357 ||| Stepping ~*~*~tactically~*~*~ (outnumbered).
An endoplasm comes into view.
You shoot an arrow. The arrow barely misses the gnoll.
The endoplasm quivers.
1360 ||| Stepping ~*~*~tactically~*~*~ (outnumbered).
1362 ||| Stepping ~*~*~tactically~*~*~ (outnumbered).
The gnoll misses you.
You shoot an arrow. The arrow barely misses the gnoll.
The gnoll closely misses you.
You shoot an arrow. The arrow barely misses the gnoll.
The gnoll closely misses you.
You shoot an arrow. The arrow hits the gnoll.
The gnoll is lightly wounded.
The gnoll closely misses you.
The gnoll hits you from afar with a +0 halberd.
The endoplasm barely misses you.
You shoot an arrow. The arrow hits the endoplasm.
The endoplasm is moderately wounded.
The gnoll closely misses you.
The endoplasm hits you but does no damage.
You shoot an arrow. The arrow hits the endoplasm.
You kill the endoplasm!
The gnoll hits you from afar with a +0 halberd!
Ouch! That really hurt!
You shoot an arrow. The arrow hits the gnoll!
The gnoll is almost dead.
The gnoll hits you from afar with a +0 halberd!
Ouch! That really hurt!
You die...

....(.# #.....%. .
.....# #....... ..
.....# #....... gg J..[
#....... #. ... #.......
#.g###.# ##......
#.gg..# ##.....
#######..###.# #####..#
.......@.....####.....##
########.######...#####
#......####.###
#......#.)..#
#........#### #......%##
#......## #.....)#
#......#


You could see a gnoll.

Vanquished Creatures
  2 adders (D:2)
  3 dart slugs (D:2)
  2 ball pythons (D:1)
  4 endoplasms
  2 giant cockroaches (D:2)
  4 hobgoblins
  4 kobolds
  3 quokkas (D:1)
  4 bats
  4 frilled lizards
  5 goblins
  10 rats
47 creatures vanquished.

Notes
Turn   | Place    | Note
-------+----------+-------------------------------------------
     0 | D:1      | qw the Deep Elf Hunter began the quest for the Orb.
     0 | D:1      | Reached XP level 1. HP: 12/12 MP: 3/3
     0 | D:1      | 0 ||| qw: Version: 0.3-a-22-g0ed2b0b
     0 | D:1      | 0 ||| qw: Game counter: 5131
     0 | D:1      | 0 ||| qw: Melee chars always use a shield: true
     0 | D:1      | 0 ||| qw: God list: Okawaru
     0 | D:1      | 0 ||| qw: Allow faded altars: false
     0 | D:1      | 0 ||| qw: Do Orc after clearing Dungeon:15 true
     0 | D:1      | 0 ||| qw: Do second Lair branch before Depths: true
     0 | D:1      | 0 ||| qw: Lair rune preference: random
     0 | D:1      | 0 ||| qw: Goals: Normal
     0 | D:1      | 0 ||| PLANNING D:1-11
    97 | D:1      | 97 ||| FLEEEEING.
   128 | D:1      | Reached XP level 2. HP: 12/16 MP: 4/4
   228 | D:1      | Reached skill level 6 in Ranged Weapons
   684 | D:1      | 684 ||| READING scroll labelled XUOSKE TENKAPE.
   685 | D:1      | 685 ||| READING scroll labelled SAIGROMESO.
   686 | D:1      | 686 ||| READING scroll labelled HOOQEN OQABI.
   687 | D:1      | 687 ||| DRINKING 2 lumpy pink potions.
   792 | D:1      | 792 ||| DRINKING 2 fuming golden potions.
   793 | D:1      | 793 ||| DROPPING scroll of butterflies.
   794 | D:1      | 794 ||| DROPPING potion of berserk rage.
   844 | D:2      | Reached XP level 3. HP: 20/20 MP: 5/5
   914 | D:2      | 914 ||| FLEEEEING.
   945 | D:2      | Reached skill level 7 in Ranged Weapons
  1226 | D:2      | 1226 ||| UPGRADING to +0 cloak.
  1231 | D:2      | 1231 ||| UPGRADING to +0 ring mail.
  1241 | D:2      | 1241 ||| DROPPING +0 leather armour.
  1242 | D:2      | 1242 ||| READING scroll labelled DOTAMA PONK.
  1247 | D:2      | 1247 ||| READING 2 scrolls labelled XUOROU AG ARIK.
  1288 | D:3      | 1288 ||| STAIRDANCE
  1294 | D:2      | Reached XP level 4. HP: 25/25 MP: 6/6
  1357 | D:3      | 1357 ||| Stepping ~*~*~tactically~*~*~ (outnumbered).
  1360 | D:3      | 1360 ||| Stepping ~*~*~tactically~*~*~ (outnumbered).
  1362 | D:3      | 1362 ||| Stepping ~*~*~tactically~*~*~ (outnumbered).
  1368 | D:3      | Slain by a gnoll

Levels and vault maps discovered:
D:1:      reono_arrival_mine, layout_loops_ring, minmay_split_cup_small
D:2:      layout_rooms
D:3:      layout_rooms, slow_altar_2, uniq_robin

Skill      XL: |  1  2  3 |
---------------+----------+-----
Ranged Weapons | 6 7 |  7.5
Fighting       | |  1.5
Dodging        | |  2.4
Stealth        | |  1.2

Action                     |  1- 3 |  4- 6 || total
---------------------------+-------+-------++-------
   Fire: Shortbow          |   103 |    19 ||   122
    Use: Scroll            |     5 |       ||     5
         Potion            |     2 |       ||     2
 Armour: Leather armour    |     3 |       ||     3
         Ring mail         |     3 |     1 ||     4
  Dodge: Dodged            |    31 |     7 ||    38

Table legend:
 A = Non-vault XP
 B = Vault XP
 C = Vault XP percentage of total XP
 D = Non-vault monster count
 E = Vault monster count
 F = Vault count percentage of total count
                 A         B        C        D         E       F
            +---------+---------+-------+---------+---------+-------
      Total |     101 |       4 |   3.8 |      44 |       3 |   6.4
            +---------+---------+-------+---------+---------+-------
        D:1 |      34 |       4 |  10.5 |      21 |       3 |  12.5
        D:2 |      56 |       0 |   0.0 |      17 |       0 |   0.0
        D:3 |      11 |       0 |   0.0 |       6 |       0 |   0.0
            +---------+---------+-------+---------+---------+-------
